[Event "Titled Tuesday Blitz March 14 Early 2023"]
[White "Taboas Rodriguez, Daniel"]
[Black "Smirnov, Pavel"]
[WhiteFideId "2208466"]
[BlackFideId "4123425"]
[WhiteElo "2365"]
[BlackElo "2519"]
[Result "0-1"]
[Round "03"]
[TimeControl "180+2"]
[Date "2023.03.14"]
[WhiteClock "0:01:01"]
[BlackClock "0:00:20"]

1. d4 Nf6 2. Nf3 d5 3. c4 e6 4. Nc3 c6 5. Bg5 h6 6. Bxf6 Qxf6 7. e3 g6 8. Rc1 Nd7 9. Bd3 dxc4 10. Bxc4 Bg7 11. O-O O-O 12. Qe2 Qe7 13. Rfd1 a6 14. Bb3 b6 15. e4 Bb7 16. e5 Rad8 17. Ne4 c5 18. dxc5 Nxc5 19. Nxc5 bxc5 20. Bc4 Bxf3 21. Qxf3 Bxe5 22. Bxa6 Bxb2 23. Rb1 Bd4 24. a4 Ra8 25. Bb5 Ra7 26. g3 Kg7 27. Kg2 Rc8 28. h4 e5 29. Rbc1 c4 30. Qe4 Qf6 31. Qf3 c3 32. Qxf6+ Kxf6 33. Kf3 Kg7 34. Ke2 f5 35. f3 Kf6 36. Kd3 Rac7 37. Rc2 Rd8 38. Ke2 Rc5 39. Ra1 Rcd5 40. Raa2 e4 41. Bc6 Rc5 42. Bb5 g5 43. hxg5+ hxg5 44. g4 fxg4 45. fxe4 Ke5 46. Bc6 Rxc6 0-1


[Site "https://www.chess.com"]

[Event "Titled Tuesday Blitz March 14 Early 2023"]
[White "Khoroshev, Nikita"]
[Black "Loiacono, Antonio"]
[WhiteFideId "14200287"]
[BlackFideId "895415"]
[WhiteElo "2354"]
[BlackElo "2257"]
[Result "1-0"]
[Round "03"]
[TimeControl "180+2"]
[Date "2023.03.14"]
[WhiteClock "0:00:29"]
[BlackClock "0:00:09"]

1. e4 e5 2. Nf3 Nc6 3. Nc3 Nf6 4. Bb5 Bb4 5. O-O O-O 6. d3 Bxc3 7. bxc3 d6 8. Nd2 Bd7 9. Bxc6 Bxc6 10. c4 Nd7 11. f4 exf4 12. Rxf4 Nc5 13. Bb2 Ne6 14. Rf5 Bd7 15. Qe1 f6 16. Qg3 Nc5 17. Rf2 Na4 18. Bd4 c5 19. Be3 Qb6 20. Nb3 Be6 21. Raf1 Kh8 22. Bd2 Qc6 23. Na5 Qd7 24. h4 b6 25. Nb3 a6 26. h5 Qe7 27. h6 g6 28. Kh2 Kg8 29. Rxf6 Rxf6 30. Bg5 Raf8 31. Qh4 d5 32. Rxf6 Rxf6 33. Bxf6 Qc7+ 34. e5 dxc4 35. dxc4 Nc3 36. Nd2 Qc6 37. Bg7 Bf7 38. Qe7 Qe6 39. Qf8# 1-0


[Site "https://www.chess.com"]

[Event "Titled Tuesday Blitz March 14 Early 2023"]
[White "Garakov, Mikhael"]
[Black "Costachi, Mihnea"]
[WhiteFideId "4169034"]
[BlackFideId "1217518"]
[WhiteElo "2347"]
[BlackElo "2456"]
[Result "0-1"]
[Round "03"]
[TimeControl "180+2"]
[Date "2023.03.14"]
[WhiteClock "0:00:08"]
[BlackClock "0:00:39"]

1. e4 g6 2. d4 Bg7 3. Nc3 d6 4. f4 Nf6 5. Nf3 O-O 6. Bd3 c5 7. dxc5 dxc5 8. e5 Nd5 9. Nxd5 Qxd5 10. Qe2 Nc6 11. c3 Bg4 12. Be4 Qd7 13. Be3 b6 14. Rd1 Qc7 15. h3 Be6 16. Ng5 Bxa2 17. b4 Bb3 18. Rb1 c4 19. b5 Na5 20. h4 h6 21. h5 hxg5 22. hxg6 fxg6 23. Bxg6 Rxf4 24. Bxf4 gxf4 25. Be4 Rd8 26. Qh5 Qxe5 27. Qh7+ Kf8 28. Rh5 Qxc3+ 29. Kf1 e6 30. Qg6 Qf6 31. Qg4 c3 0-1


[Site "https://www.chess.com"]

[Event "Titled Tuesday Blitz March 14 Early 2023"]
[White "EREBUNI91"]
[Black "Janaszak, Dawid"]
[BlackFideId "1119206"]
[WhiteElo "2753"]
[BlackElo "2220"]
[Result "1-0"]
[Round "03"]
[TimeControl "180+2"]
[Date "2023.03.14"]
[WhiteClock "0:01:36"]
[BlackClock "0:00:07"]

1. e4 c5 2. Nf3 Nc6 3. Bb5 g6 4. Bxc6 bxc6 5. O-O Bg7 6. Re1 e5 7. c3 d6 8. d4 cxd4 9. cxd4 exd4 10. Nxd4 Ne7 11. Nc3 O-O 12. Be3 Rb8 13. Qd2 Bb7 14. Rad1 d5 15. Bh6 c5 16. Bxg7 Kxg7 17. Nb3 d4 18. Nxc5 Nc6 19. Nd5 Bc8 20. Nb3 Bd7 21. Nxd4 Ne5 22. f4 Ng4 23. Qc3 Kg8 24. h3 Rc8 25. Qg3 Nf6 26. Nxf6+ Qxf6 27. e5 Qb6 28. Kh2 Qxb2 29. Nf3 Ba4 30. Rd2 Qb4 31. Qh4 h5 32. e6 f6 33. e7 Rfe8 34. Qxf6 Kh7 35. Qf7+ Kh6 36. Ng5 1-0


[Site "https://www.chess.com"]

[Event "Titled Tuesday Blitz March 14 Early 2023"]
[White "Skvortsov, Andrei"]
[Black "Kozin, Yuri"]
[WhiteFideId "24108600"]
[BlackFideId "4129920"]
[WhiteElo "2259"]
[BlackElo "2530"]
[Result "1-0"]
[Round "03"]
[TimeControl "180+2"]
[Date "2023.03.14"]
[WhiteClock "0:00:20"]
[BlackClock "0:00:11"]

1. d4 d5 2. c4 c6 3. Nf3 Nf6 4. e3 Bf5 5. Nc3 e6 6. h3 h6 7. Qb3 Qc7 8. Ne5 Nbd7 9. f4 Be7 10. Bd2 O-O 11. Rc1 dxc4 12. Bxc4 Nxe5 13. dxe5 Ne4 14. Nxe4 Bxe4 15. O-O Rad8 16. Bc3 Bd3 17. Bd4 Bxc4 18. Qxc4 Qb8 19. a4 Rd7 20. f5 exf5 21. Rxf5 Bg5 22. Rcf1 Qc7 23. e6 Re7 24. Bc5 f6 25. R5f3 h5 26. Qe4 h4 27. Rf5 Rfe8 28. Bxe7 Qxe7 29. R5f3 Qd6 30. Qd4 Qxe6 31. Re1 Kh8 32. Qxa7 Qb3 33. Qd4 Re5 34. e4 Qc2 35. b3 c5 36. Qd8+ Kh7 37. Qd3 Qb2 38. Ref1 Qa3 39. Rf5 Qb4 40. Rxe5 fxe5 41. Qf3 Qd2 42. Qf5+ Kh6 43. Kh1 Bf4 44. Qg4 g5 45. Qe6+ Kh5 46. Qg4+ Kh6 47. Rd1 Qe3 48. Rd6+ Kg7 49. Qd7+ Kf8 50. Qc8+ Ke7 51. Qc7+ 1-0


[Site "https://www.chess.com"]

[Event "Titled Tuesday Blitz March 14 Early 2023"]
[White "Turzo, Attila"]
[Black "Deepan Chakkravarthy J."]
[WhiteFideId "704954"]
[BlackFideId "5011132"]
[WhiteElo "2529"]
[BlackElo "2367"]
[Result "0-1"]
[Round "03"]
[TimeControl "180+2"]
[Date "2023.03.14"]
[WhiteClock "0:00:03"]
[BlackClock "0:00:01"]

1. e4 c6 2. d4 d5 3. exd5 cxd5 4. Bd3 Nf6 5. c3 Nc6 6. h3 g6 7. Nf3 Bf5 8. Be2 h5 9. O-O Ne4 10. Re1 e6 11. Nbd2 Be7 12. Nxe4 dxe4 13. Ne5 Nxe5 14. dxe5 Qa5 15. Bf4 g5 16. Bh2 Rd8 17. Qb3 Qb6 18. Qxb6 axb6 19. Bb5+ Kf8 20. Rad1 Kg7 21. Kf1 Rd5 22. Bc4 Rc5 23. Bb3 g4 24. hxg4 hxg4 25. Bg3 Bh4 26. Bf4 Kg6 27. Rd7 Bg5 28. Bg3 Rcc8 29. Ke2 Rcd8 30. Rxd8 Rxd8 31. Rd1 Rh8 32. Bc4 Rh7 33. Rd7 Rh1 34. Rd1 Rh8 35. Rd7 Bc1 36. b3 Rh1 37. Rxb7 Bb2 38. Kd2 Bc1+ 39. Kc2 Bg5 40. Rxb6 e3+ 41. Kb2 Rg1 42. fxe3 Rxg2+ 43. Ka3 Rxg3 44. Kb4 Rxe3 45. a4 g3 46. Rd6 g2 47. Rd1 Rg3 48. a5 g1=Q 49. Rxg1 Rxg1 50. Bb5 Bf4 51. a6 Bxe5 52. a7 Ra1 53. Ba4 Be4 54. c4 f5 0-1


[Site "https://www.chess.com"]

[Event "Titled Tuesday Blitz March 14 Early 2023"]
[White "Cherniaiev, Tykhon"]
[Black "Wartiovaara, Oliver"]
[WhiteFideId "14182360"]
[BlackFideId "513024"]
[WhiteElo "2450"]
[BlackElo "2214"]
[Result "1-0"]
[Round "03"]
[TimeControl "180+2"]
[Date "2023.03.14"]
[WhiteClock "0:01:37"]
[BlackClock "0:00:20"]

1. Nf3 d5 2. d4 Bf5 3. Bf4 Nf6 4. e3 e6 5. Nbd2 Be7 6. c4 c6 7. Be2 O-O 8. O-O Nbd7 9. Rc1 h6 10. h3 Bh7 11. Bh2 Rc8 12. Qb3 Qb6 13. c5 Qxb3 14. axb3 Rfe8 15. b4 a6 16. Nb3 Bd8 17. Ra1 Bc2 18. Na5 Bxa5 19. bxa5 Be4 20. Ra3 Bxf3 21. Bxf3 e5 22. Rb3 Rc7 23. Rd1 g5 24. Rb4 Kg7 25. Rd3 Ng8 26. Rdb3 f6 27. Rxb7 Rxb7 28. Rxb7 1-0


[Site "https://www.chess.com"]

[Event "Titled Tuesday Blitz March 14 Early 2023"]
[White "Baghdasaryan, Vahe"]
[Black "Atakhan, Abtin"]
[WhiteFideId "13303139"]
[BlackFideId "22502203"]
[WhiteElo "2216"]
[BlackElo "2008"]
[Result "0-1"]
[Round "03"]
[TimeControl "180+2"]
[Date "2023.03.14"]
[WhiteClock "0:00:12"]
[BlackClock "0:01:18"]

1. e4 c5 2. Nf3 d6 3. d4 cxd4 4. Nxd4 Nf6 5. Nc3 a6 6. Bg5 e6 7. f4 h6 8. Bh4 Qb6 9. a3 Nc6 10. Bf2 Qc7 11. Qf3 Nxd4 12. Bxd4 e5 13. Be3 Bg4 14. Qg3 Be6 15. Bd3 Nh5 16. Qf3 Nxf4 17. Bxf4 exf4 18. O-O-O Be7 19. Nd5 Bxd5 20. exd5 O-O-O 21. Kb1 Bf6 22. Qxf4 Qb6 23. b4 Kb8 24. Bf5 Be5 25. Qc4 g6 26. Bh3 f5 27. Rd3 Rc8 28. Qb3 Rc7 29. c4 Rhc8 30. Rc1 Qb5 31. Rdc3 Qd7 32. Rd3 Bh8 33. g4 fxg4 34. Bg2 Qg7 35. Rdc3 Qd4 36. Rd1 Qxc3 0-1


[Site "https://www.chess.com"]

[Event "Titled Tuesday Blitz March 14 Early 2023"]
[White "Kopczynski, Michal"]
[Black "Garcia Pantoja, Roberto"]
[WhiteFideId "1124200"]
[BlackFideId "3509265"]
[WhiteElo "2212"]
[BlackElo "2544"]
[Result "1-0"]
[Round "03"]
[TimeControl "180+2"]
[Date "2023.03.14"]
[WhiteClock "0:01:09"]
[BlackClock "0:00:56"]

1. e4 c5 2. d4 cxd4 3. c3 dxc3 4. Nxc3 Nc6 5. f4 e6 6. Nf3 Bc5 7. Bd3 a6 8. Qe2 d6 9. Bd2 Nge7 10. O-O-O b5 11. Kb1 Bb7 12. Rc1 Rc8 13. e5 Nb4 14. exd6 Nxd3 15. Qxd3 Qxd6 16. Qe2 O-O 17. Rhd1 Rfd8 18. Ka1 Qb6 19. Ng5 h6 20. Nge4 Bd4 21. g4 b4 22. Na4 Rxc1+ 23. Bxc1 Qc6 24. Nac5 Rd5 25. Nxb7 Qxb7 26. g5 Qd7 27. gxh6 Bxb2+ 28. Qxb2 Nf5 29. Rg1 e5 30. Nf6+ 1-0


[Site "https://www.chess.com"]

[Event "Titled Tuesday Blitz March 14 Early 2023"]
[White "Buksa, Nataliya"]
[Black "Zamorano, Jorge"]
[WhiteFideId "14123622"]
[BlackFideId "173770"]
[WhiteElo "2316"]
[BlackElo "2331"]
[Result "1/2-1/2"]
[Round "03"]
[TimeControl "180+2"]
[Date "2023.03.14"]
[WhiteClock "0:00:45"]
[BlackClock "0:01:11"]

1. d4 Nf6 2. Nc3 d5 3. Bf4 a6 4. e3 Bf5 5. Nf3 e6 6. Ne5 h5 7. Bd3 Bxd3 8. cxd3 c5 9. Rc1 cxd4 10. exd4 Nbd7 11. O-O Be7 12. Na4 O-O 13. Nxd7 Nxd7 14. Qxh5 Qa5 15. b3 Rac8 16. Qe2 b5 17. Bd2 Bb4 18. Bxb4 Qxb4 19. Nc5 Nxc5 20. dxc5 Rxc5 21. a3 Qxa3 22. Ra1 Qxb3 23. Rxa6 b4 24. Rxe6 fxe6 25. Qxe6+ Rf7 26. Qe8+ Rf8 27. Qe6+ Kh7 28. Qh3+ Kg6 29. Qg4+ Kf7 30. Qf5+ Kg8 31. Qe6+ 1/2-1/2


[Site "https://www.chess.com"]

[Event "Titled Tuesday Blitz March 14 Early 2023"]
[White "ArchibaldCerveza29"]
[Black "Schmakel, Sam"]
[BlackFideId "2039311"]
[WhiteElo "2508"]
[BlackElo "2356"]
[Result "0-1"]
[Round "03"]
[TimeControl "180+2"]
[Date "2023.03.14"]
[WhiteClock "0:00:01"]
[BlackClock "0:00:20"]

1. d4 d5 2. c4 c6 3. Nf3 Nf6 4. cxd5 cxd5 5. Nc3 Nc6 6. Bf4 a6 7. e3 e6 8. Bd3 Bd6 9. Bg3 O-O 10. a3 b5 11. O-O Bb7 12. Rc1 Rc8 13. Bb1 Na5 14. Be5 Nc4 15. Qc2 Ne4 16. Qe2 Nxc3 17. Rxc3 Nxe5 18. Nxe5 Rxc3 19. bxc3 Qc7 20. Qd3 g6 21. f4 Rc8 22. Rc1 Bxa3 23. Rc2 f6 24. Ng4 Be7 25. h4 f5 26. Ne5 Bxh4 27. Qe2 Qa5 28. Kh2 Be7 29. g4 Rxc3 30. Ra2 Qb4 31. Rb2 Rb3 32. Rxb3 Qxb3 33. Ba2 Qc3 34. gxf5 exf5 35. Kh3 b4 36. Bb1 b3 37. Bxf5 gxf5 38. Qg2+ Kf8 39. Nd7+ Ke8 40. Ne5 Qxe3+ 41. Kh2 Qxf4+ 42. Kh1 Qh4+ 43. Kg1 Qxd4+ 44. Kh1 Qxe5 45. Qg8+ Kd7 46. Qg3 d4+ 0-1


[Site "https://www.chess.com"]

[Event "Titled Tuesday Blitz March 14 Early 2023"]
[White "Rodchenkov, Sergey D."]
[Black "Tanenbaum, Zachary"]
[WhiteFideId "4168712"]
[BlackFideId "2060850"]
[WhiteElo "2277"]
[BlackElo "2175"]
[Result "0-1"]
[Round "03"]
[TimeControl "180+2"]
[Date "2023.03.14"]
[WhiteClock "0:00:06"]
[BlackClock "0:00:06"]

1. e4 e5 2. Nf3 Nc6 3. Bc4 Nf6 4. d3 Be7 5. O-O O-O 6. a4 d6 7. Nc3 Bg4 8. h3 Bxf3 9. Qxf3 Nd4 10. Qd1 c6 11. Ba2 d5 12. exd5 cxd5 13. Re1 Nc6 14. Qe2 Bb4 15. Bd2 Nd4 16. Qd1 Re8 17. Bg5 Re6 18. Rf1 Bxc3 19. bxc3 Nf5 20. Qf3 Ne7 21. Rfe1 h6 22. Bd2 Rc8 23. c4 e4 24. Qd1 dxc4 25. Bxc4 Rd6 26. Bb4 Rd7 27. Qb1 Nc6 28. Bc3 exd3 29. cxd3 Nd5 30. Bb2 Qg5 31. Qd1 Nf4 32. Qf3 Rcd8 33. Re4 Nxd3 34. Bxd3 Rxd3 35. Re8+ Kh7 36. Qe4+ f5 37. Qe6 Rxe8 38. Qxe8 Rxh3 39. Qf7 Rh4 40. Re1 Rg4 41. Re8 Rxg2+ 42. Kf1 Rg1+ 43. Ke2 Qg4+ 44. Kd3 Qd1+ 45. Kc4 Qc2+ 46. Bc3 Qa2+ 47. Kb5 Qxf7 0-1


[Site "https://www.chess.com"]

[Event "Titled Tuesday Blitz March 14 Early 2023"]
[White "De Silva, L M S T"]
[Black "Rom, Jasper"]
[WhiteFideId "9953698"]
[BlackFideId "2023733"]
[WhiteElo "2403"]
[BlackElo "2233"]
[Result "0-1"]
[Round "03"]
[TimeControl "180+2"]
[Date "2023.03.14"]
[WhiteClock "0:00:07"]
[BlackClock "0:00:03"]

1. Nf3 d5 2. e3 e6 3. c4 c6 4. b3 Nf6 5. Bb2 Nbd7 6. Nc3 Bd6 7. d4 O-O 8. Bd3 Qe7 9. O-O dxc4 10. bxc4 e5 11. Ne4 Nxe4 12. Bxe4 f5 13. dxe5 Nxe5 14. Nxe5 Bxe5 15. Bxe5 Qxe5 16. Bf3 Be6 17. Qc2 Rad8 18. Rab1 Rd7 19. Rfd1 Rfd8 20. Rxb7 Rxd1+ 21. Bxd1 Qc3 22. g3 Qe1+ 23. Kg2 Qxd1 24. Qb2 Rd7 25. Qe5 Qd6 26. Qb2 Rxb7 27. Qxb7 Bxc4 28. Qa8+ Kf7 29. Qxa7+ Kg6 30. a4 Bd5+ 31. f3 Qb4 32. Qa8 Qd2+ 33. Kh3 Qxe3 34. Qc8 Bxf3 35. Qd7 Bg4+ 36. Kg2 Qe2+ 37. Kg1 Qd1+ 38. Qxd1 Bxd1 39. a5 Be2 40. Kf2 Bb5 41. Ke3 Kf6 42. Kd4 g5 43. Kc5 f4 44. gxf4 gxf4 45. h4 f3 46. h5 f2 47. h6 f1=Q 48. Kb6 Qf4 49. Kb7 Qd6 50. Kb6 Qd8+ 51. Kb7 Qxa5 52. Kb8 c5 53. Kb7 c4 54. Kb8 c3 55. Kc8 c2 56. Kb7 Qa6+ 57. Kb8 Qb6+ 58. Ka8 Bc6# 0-1


[Site "https://www.chess.com"]

[Event "Titled Tuesday Blitz March 14 Early 2023"]
[White "Astafurov, Arseniy"]
[Black "Rohith Krishna S"]
[WhiteFideId "24175218"]
[BlackFideId "46617051"]
[WhiteElo "2163"]
[BlackElo "2270"]
[Result "0-1"]
[Round "03"]
[TimeControl "180+2"]
[Date "2023.03.14"]
[WhiteClock "0:00:12"]
[BlackClock "0:01:14"]

1. c4 e6 2. Nf3 d5 3. g3 Nf6 4. Bg2 Be7 5. O-O O-O 6. b3 b6 7. Bb2 Bb7 8. Ne5 a5 9. a3 Nbd7 10. Nxd7 Qxd7 11. d3 c5 12. e3 a4 13. bxa4 dxc4 14. Bxb7 Qxb7 15. dxc4 Rfd8 16. Qc2 Ne4 17. Nc3 Ng5 18. e4 Bf6 19. Rad1 Bxc3 20. Qxc3 f6 21. f3 Qc6 22. h4 Nf7 23. Qb3 Rxa4 24. Rxd8+ Nxd8 25. Rd1 Nb7 26. Qd3 Ra8 27. h5 Rd8 28. Qb3 Rxd1+ 29. Qxd1 Qd6 30. Qe1 Qd3 31. h6 Qxf3 32. hxg7 Na5 33. Bc1 Kxg7 34. Bf4 e5 35. Bd2 Nxc4 36. Bc3 Ne3 37. Qd2 Qf1+ 38. Kh2 Ng4# 0-1


[Site "https://www.chess.com"]

[Event "Titled Tuesday Blitz March 14 Early 2023"]
[White "Fernandez Guillen, Ernesto J."]
[Black "Bruedigam, Martin"]
[WhiteFideId "3512428"]
[BlackFideId "24608033"]
[WhiteElo "2423"]
[BlackElo "2331"]
[Result "1-0"]
[Round "03"]
[TimeControl "180+2"]
[Date "2023.03.14"]
[WhiteClock "0:01:12"]
[BlackClock "0:00:29"]

1. e4 c6 2. d4 d5 3. e5 Bf5 4. c3 e6 5. Bd3 Bxd3 6. Qxd3 Qa5 7. Ne2 Qa6 8. Qd1 c5 9. O-O Nc6 10. Nd2 Nge7 11. Nf3 Nf5 12. g4 Nfe7 13. Ng3 Qb6 14. Be3 c4 15. b4 Qc7 16. a4 b6 17. h4 f6 18. exf6 gxf6 19. Nh5 Ng8 20. Qe2 Bd6 21. Rfe1 O-O-O 22. a5 b5 23. a6 Re8 24. Qd2 Qf7 25. Bf4 e5 26. dxe5 fxe5 27. Ng5 Qd7 28. Bg3 Bc7 29. Rad1 Rd8 30. Qe2 Qe7 31. Qf3 h6 32. Nf7 Rf8 33. Qxd5 1-0


[Site "https://www.chess.com"]

[Event "Titled Tuesday Blitz March 14 Early 2023"]
[White "Gireman, Ja"]
[Black "Kvaloy, Aksel Bu"]
[WhiteFideId "5043794"]
[BlackFideId "1528815"]
[WhiteElo "2153"]
[BlackElo "2208"]
[Result "1-0"]
[Round "03"]
[TimeControl "180+2"]
[Date "2023.03.14"]
[WhiteClock "0:00:08"]
[BlackClock "0:00:02"]

1. d4 Nf6 2. Nc3 d5 3. Bf4 e6 4. e3 Bb4 5. Bd3 c5 6. dxc5 Nbd7 7. Ne2 Nxc5 8. Bb5+ Bd7 9. Bxd7+ Qxd7 10. a3 Bxc3+ 11. Nxc3 O-O 12. O-O Rac8 13. Be5 Nfe4 14. Ne2 f6 15. Bd4 b6 16. Rc1 Nb7 17. b3 e5 18. Bb2 b5 19. c4 Rfd8 20. f3 Nec5 21. cxd5 Qxd5 22. Qxd5+ Rxd5 23. Rc2 Rcd8 24. b4 Na4 25. Bc1 R5d7 26. Ng3 Nd6 27. e4 Nc4 28. h4 g6 29. f4 Rd1 30. fxe5 fxe5 31. h5 Rxf1+ 32. Kxf1 Kf7 33. Ke2 Ke6 34. Bg5 Rg8 35. h6 Rf8 36. Nf1 Nab6 37. Rc3 Rf7 38. Ne3 Nxe3 39. Bxe3 Nc4 40. a4 a6 41. a5 Rd7 42. Rc1 Rf7 43. Bg5 Rd7 44. Rf1 Rf7 45. Rd1 Rf8 46. Rd3 Rf7 47. Rd8 Rd7 48. Rg8 Rd4 49. Re8+ Kd6 50. Kf3 Rd3+ 51. Kg4 Rb3 52. Rh8 Rb2 53. Rxh7 Rxg2+ 54. Kh4 Rh2+ 55. Kg3 Rh5 56. Bc1 1-0


[Site "https://www.chess.com"]

[Event "Titled Tuesday Blitz March 14 Early 2023"]
[White "Liyanage, Ranindu Dilshan"]
[Black "Gajwa Ankit"]
[WhiteFideId "9915834"]
[BlackFideId "5077834"]
[WhiteElo "2199"]
[BlackElo "2145"]
[Result "1-0"]
[Round "03"]
[TimeControl "180+2"]
[Date "2023.03.14"]
[WhiteClock "0:00:19"]
[BlackClock "0:00:01"]

1. e4 e5 2. Nf3 Nc6 3. Bc4 Nf6 4. d3 Be7 5. Nc3 O-O 6. a4 d6 7. h3 Be6 8. Nd5 Na5 9. Ba2 c5 10. O-O Nc6 11. c3 h6 12. Be3 Nh7 13. Qd2 Qd7 14. b4 cxb4 15. cxb4 Bd8 16. d4 f5 17. exf5 Rxf5 18. dxe5 Rxf3 19. gxf3 Nxe5 20. Qe2 Qf7 21. f4 Bxd5 22. Bxd5 Qxd5 23. fxe5 Qxe5 24. Rad1 Bb6 25. Qc4+ Kh8 26. Rd5 Qe6 27. Bxb6 axb6 28. Qd3 Ng5 29. Rxd6 Nxh3+ 30. Kh2 Nf4 31. Rxe6 Nxd3 32. Rxb6 Rxa4 33. b5 Nc5 34. Rc1 Nd3 35. Rc8+ Kh7 36. Rxb7 Nxf2 37. b6 Ng4+ 38. Kg3 Ne3 39. Rf7 Ra3 40. b7 Nf5+ 41. Kg2 Nd6 42. b8=Q Nxf7 43. Qb1+ g6 44. Rc7 1-0


[Site "https://www.chess.com"]

[Event "Titled Tuesday Blitz March 14 Early 2023"]
[White "Krysa, Leandro"]
[Black "Begunov, Konstantin"]
[WhiteFideId "116807"]
[BlackFideId "4118510"]
[WhiteElo "2485"]
[BlackElo "2079"]
[Result "1-0"]
[Round "03"]
[TimeControl "180+2"]
[Date "2023.03.14"]
[WhiteClock "0:01:08"]
[BlackClock "0:00:10"]

1. e4 c5 2. Nf3 d6 3. d4 cxd4 4. Nxd4 Nf6 5. Nc3 a6 6. Rg1 b5 7. a4 Bb7 8. axb5 Nxe4 9. bxa6 Nxc3 10. bxc3 Bxa6 11. Rxa6 Rxa6 12. Bb5+ Nd7 13. Bxa6 Qa5 14. Qd3 e5 15. Nb3 Qc7 16. Qc4 Qb6 17. Be3 Qb8 18. Bb5 Be7 19. Qc6 O-O 20. Qxd7 Bf6 21. Ke2 d5 22. Ra1 d4 23. cxd4 exd4 24. Nxd4 Rd8 25. Qc6 Qxh2 26. Ra8 h5 27. Rxd8+ Bxd8 28. Qe8+ Kh7 29. Bd3+ 1-0


[Site "https://www.chess.com"]

[Event "Titled Tuesday Blitz March 14 Early 2023"]
[White "Staudenhocker43"]
[Black "Maatman, Nick"]
[BlackFideId "1040391"]
[WhiteElo "2422"]
[BlackElo "2691"]
[Result "0-1"]
[Round "03"]
[TimeControl "180+2"]
[Date "2023.03.14"]
[WhiteClock "0:00:16"]
[BlackClock "0:00:08"]

1. e3 Nf6 2. Nf3 g6 3. b4 Bg7 4. Bb2 O-O 5. c4 c6 6. Be2 d5 7. O-O Nbd7 8. d4 dxc4 9. Bxc4 a5 10. a3 Nb6 11. Be2 Be6 12. Nbd2 axb4 13. axb4 Qd6 14. Ba3 Ra7 15. Qc1 Rfa8 16. Ne5 Qb8 17. Bb2 Rxa1 18. Bxa1 Ra2 19. b5 cxb5 20. Bxb5 Nfd5 21. Ndc4 Nxc4 22. Bxc4 Ra5 23. e4 Bxe5 24. dxe5 Nf4 25. Qxf4 Bxc4 26. Re1 Be6 27. Bc3 Ra4 28. h4 h5 29. Qg5 Qc7 30. Re3 b5 31. f4 b4 32. Be1 Bc8 33. e6 Bxe6 34. f5 Ra5 35. Bxb4 Qc1+ 36. Kh2 Rb5 37. Qxe7 Qxe3 38. fxe6 Qf4+ 39. Kh3 Qg4+ 40. Kh2 Qf4+ 41. Kh3 Qg4+ 42. Kh2 Qxe6 43. Qf8+ Kh7 44. Bd2 Re5 45. Bg5 Rxe4 46. Qh6+ Kg8 47. Kg3 Qe5+ 48. Kf3 Qf5+ 49. Kg3 Rg4+ 50. Kh2 Qe5+ 51. Kh1 Qe2 52. Bf6 Qxg2# 0-1


[Site "https://www.chess.com"]

[Event "Titled Tuesday Blitz March 14 Early 2023"]
[White "Csonka, Balazs"]
[Black "aidenzhouu"]
[WhiteFideId "742910"]
[WhiteElo "2404"]
[BlackElo "2416"]
[Result "1-0"]
[Round "03"]
[TimeControl "180+2"]
[Date "2023.03.14"]
[WhiteClock "0:00:03"]
[BlackClock "0:00:08"]

1. e4 c6 2. d4 d5 3. f3 e6 4. Nc3 Nf6 5. e5 Nfd7 6. f4 c5 7. Nf3 Nc6 8. Be3 cxd4 9. Nxd4 Bc5 10. Qd2 a6 11. O-O-O Nxd4 12. Bxd4 b5 13. h4 b4 14. Ne2 a5 15. h5 Ba6 16. h6 g6 17. g4 Qb6 18. Bxc5 Nxc5 19. Ng3 a4 20. Kb1 b3 21. cxb3 axb3 22. a3 Rc8 23. f5 Na4 24. Rc1 O-O 25. Bxa6 Qxa6 26. Nh5 Rxc1+ 27. Rxc1 Rc8 28. fxg6 hxg6 29. Nf6+ Kh8 30. Rxc8+ Qxc8 31. Qd3 Qc5 32. Qxb3 Nb6 33. Qc2 Nc4 34. Ka2 Qd4 35. b3 Qxe5 36. bxc4 Qxf6 37. c5 Qd8 38. c6 Qc7 39. Qc5 Kh7 40. Qf8 f5 41. Qg7+ Qxg7 42. hxg7 1-0


[Site "https://www.chess.com"]

[Event "Titled Tuesday Blitz March 14 Early 2023"]
[White "Girsh, Daniel"]
[Black "Samant Aditya S"]
[WhiteFideId "30949190"]
[BlackFideId "35080580"]
[WhiteElo "2075"]
[BlackElo "2362"]
[Result "0-1"]
[Round "03"]
[TimeControl "180+2"]
[Date "2023.03.14"]
[WhiteClock "0:00:16"]
[BlackClock "0:00:04"]

1. e4 c5 2. Nf3 d6 3. Bb5+ Nd7 4. d4 cxd4 5. Qxd4 a6 6. Bxd7+ Bxd7 7. c4 b5 8. Nc3 e5 9. Qd3 bxc4 10. Qxc4 Nf6 11. Bg5 Be7 12. Rd1 Be6 13. Qc6+ Bd7 14. Qc4 O-O 15. O-O Be6 16. Qd3 Ne8 17. Bxe7 Qxe7 18. Rd2 Kh8 19. Nd5 Qb7 20. Rfd1 h6 21. h3 f5 22. exf5 Bxf5 23. Qe3 Rd8 24. Nh4 Bh7 25. Qg3 Qf7 26. b4 Nf6 27. Nxf6 Qxf6 28. Qg4 e4 29. g3 d5 30. Ng2 d4 31. Nf4 g5 32. Nh5 Qe5 33. h4 e3 34. fxe3 Qxe3+ 35. Kh2 Rf2+ 36. Rxf2 Qxf2+ 37. Kh1 Bf5 38. Nf6 Bxg4 39. Nxg4 Qf3+ 40. Kh2 Qxd1 41. Nxh6 Qe2+ 42. Kh3 d3 43. hxg5 Qh5+ 44. Kg2 Qe2+ 45. Kh3 Rd7 46. g6 d2 47. Nf5 d1=Q 48. Kh4 Qg4# 0-1


[Site "https://www.chess.com"]

[Event "Titled Tuesday Blitz March 14 Early 2023"]
[White "Starozhilov, Leonid"]
[Black "Shevtchenko, Olesya"]
[WhiteFideId "14106752"]
[BlackFideId "24131890"]
[WhiteElo "2402"]
[BlackElo "2003"]
[Result "1-0"]
[Round "03"]
[TimeControl "180+2"]
[Date "2023.03.14"]
[WhiteClock "0:00:34"]
[BlackClock "0:00:10"]

1. e4 c6 2. d4 d5 3. exd5 cxd5 4. Bd3 Nc6 5. c3 Qc7 6. h3 Nf6 7. Nf3 g6 8. O-O Bf5 9. Be2 Bg7 10. Na3 a6 11. c4 dxc4 12. d5 Ne5 13. Nxe5 Qxe5 14. Bf3 Bd3 15. Qa4+ b5 16. Nxb5 O-O 17. Nc3 Bxf1 18. Kxf1 Qh2 19. Rb1 Rad8 20. Qxc4 Nd7 21. Bf4 Ne5 22. Qa4 Qh1+ 23. Ke2 Qxb1 24. Nxb1 Nxf3 25. Kxf3 Rxd5 26. Nc3 Rd3+ 27. Be3 Bxc3 28. bxc3 Rxc3 29. Qxa6 Rfc8 30. h4 h5 31. g3 R3c6 32. Qb5 Rf6+ 33. Kg2 Ra8 34. Qb7 Rxa2 35. Qxe7 Re6 36. Qd8+ Kh7 37. Bd4 f6 38. Qd7+ 1-0


[Site "https://www.chess.com"]

[Event "Titled Tuesday Blitz March 14 Early 2023"]
[White "Leve, Nitai"]
[Black "Matinian, Nikita"]
[WhiteFideId "2006898"]
[BlackFideId "24129100"]
[WhiteElo "2144"]
[BlackElo "2422"]
[Result "0-1"]
[Round "03"]
[TimeControl "180+2"]
[Date "2023.03.14"]
[WhiteClock "0:00:01"]
[BlackClock "0:00:39"]

1. e4 d6 2. d4 g6 3. Nc3 Bg7 4. f4 Nc6 5. d5 Nd4 6. Be3 c5 7. h3 Nf6 8. Bxd4 cxd4 9. Qxd4 O-O 10. Qd3 Qb6 11. Rb1 Bd7 12. Nf3 Rac8 13. Be2 Rxc3 14. Qxc3 Nxe4 15. Qb3 Qf2+ 16. Kd1 Ng3 17. Re1 Qxg2 18. Ng5 Nxe2 19. Rxe2 Qf1+ 20. Re1 Qxf4 21. Qe3 Qf5 22. h4 Rc8 23. Qe4 Qf2 24. Re2 Qg1+ 25. Re1 Bg4+ 26. Kd2 Qf2+ 27. Re2 Bxe2 28. Qxe7 Bg4+ 29. Kd3 Bf5+ 30. Ne4 Qxc2+ 31. Ke3 Qxb1 32. Nxd6 Qe1+ 33. Kf4 Bh6+ 34. Kf3 Qxe7 0-1


[Site "https://www.chess.com"]

[Event "Titled Tuesday Blitz March 14 Early 2023"]
[White "Kraus, Tomas"]
[Black "Chen, Justin"]
[WhiteFideId "331708"]
[BlackFideId "2098199"]
[WhiteElo "2389"]
[BlackElo "2289"]
[Result "0-1"]
[Round "03"]
[TimeControl "180+2"]
[Date "2023.03.14"]
[WhiteClock "0:00:31"]
[BlackClock "0:00:18"]

1. e4 c5 2. Nc3 Nc6 3. f4 g6 4. Nf3 Bg7 5. g3 e6 6. d3 Nge7 7. Bg2 O-O 8. O-O Rb8 9. Be3 Nd4 10. e5 d5 11. Nxd4 cxd4 12. Bxd4 Qa5 13. a3 Bd7 14. g4 Nc6 15. Bf2 g5 16. d4 gxf4 17. Kh1 f6 18. b4 Qb6 19. Na4 Qc7 20. exf6 Rxf6 21. Nc5 Rbf8 22. Qf3 Be8 23. c3 b6 24. Nd3 Bg6 25. Rac1 Be4 26. Qd1 f3 27. Bh3 Rh6 28. Bg3 f2+ 29. Bg2 Qxg3 30. Bxe4 Rxh2# 0-1


[Site "https://www.chess.com"]